 Dungeon Crawl Stone Soup version 0.26-a0-663-g36e8fdb655 (webtiles) character file.

Game seed: 1556351538761396441

13159 Drevant2 the Gelid (level 12, -2/59 HPs)
             Began as a Gargoyle Ice Elementalist on Oct 10, 2020.
             Was a Priest of Nemelex Xobeh.
             Slain by a boulder beetle (10 damage)
             ... on level 11 of the Dungeon.
             The game lasted 00:38:41 (13644 turns).

Drevant2 the Gelid (Gargoyle Ice Elementalist)     Turns: 13644, Time: 00:38:41

Health: -2/59      AC: 10    Str: 13    XL:     12   Next: 3%
Magic:  0/15       EV: 12    Int: 20    God:    Nemelex Xobeh [***...]
Gold:   717        SH:  0    Dex: 10    Spells: 8/15 levels left

rFire    + . .     SeeInvis .   w - +5 dire flail (protect)
rCold    x . .     Faith    .   (shield currently unavailable)
rNeg     + . .     Spirit   +   a - +0 robe
rPois    ∞         Reflect  .   (no helmet)
rElec    +         Harm     .   (no cloak)
rCorr    .         Rampage  .   (no gloves)
MR       .....                  (no boots)
Stlth    ++++......             n - amulet of guardian spirit
HPRegen  0.19/turn              y - ring of fire
MPRegen  0.14/turn              t - ring of stealth

@: about to teleport
A: negative energy resistance 1, electricity resistance, unbreathing,
petrification resistance, rot immunity, AC +8
a: Draw Escape, Draw Destruction, Draw Summoning, Triple Draw, Renounce Religion


You were on level 11 of the Dungeon.
You worshipped Nemelex Xobeh.
Nemelex Xobeh was most pleased with you.
You visited 1 branch of the dungeon, and saw 11 of its levels.

You collected 717 gold pieces.

Inventory:

Hand Weapons
 h - a +0 short sword
 w - a +5 dire flail of protection (weapon)
Armour
 a - a +0 robe (worn)
Jewellery
 d - an uncursed ring of ice
 e - an uncursed ring of magical power {unknown}
 i - an uncursed ring of resist corrosion {unknown}
 n - an amulet of guardian spirit (around neck)
 r - an uncursed ring of poison resistance
 t - a ring of stealth (right hand)
 y - a ring of fire (left hand)
Wands
 o - a wand of paralysis (8)
 p - a wand of acid (8)
 C - a wand of enslavement (4)
 G - a wand of iceblast (5)
 H - a wand of digging (6)
Scrolls
 b - 3 scrolls of enchant weapon {unknown}
 f - 5 scrolls of remove curse
 g - 5 scrolls of fear
 j - 2 scrolls of amnesia
 k - 2 scrolls of immolation {unknown}
 q - 2 scrolls of magic mapping {unknown}
 s - a scroll of teleportation
 D - a scroll of blinking {unknown}
 E - 2 scrolls of fog {unknown}
 F - 7 scrolls of identify
Potions
 c - 4 potions of curing
 l - 2 potions of cancellation
 m - 2 potions of flight
 u - 3 potions of brilliance
 v - 3 potions of lignification
 x - 3 potions of might
 A - a potion of stabbing
 B - 2 potions of mutation {unknown}


   Skills:
 + Level 10.2 Maces & Flails
 - Level 1.5 Dodging
 - Level 5.1 Stealth
 - Level 2.0 Spellcasting
 * Level 15.2 Ice Magic


You had 8 spell levels left.
You knew the following spells:

 Your Spells              Type           Power        Failure   Level
a - Freeze                Ice            ####         1%          1
b - Frozen Ramparts       Ice            ######       1%          3
c - Ozocubu's Armour      Ice            ######..     1%          3

Your spell library contained the following spells:

 Spells                   Type           Power        Failure   Level
 Hailstorm                Conj/Ice       ####....     7%          4
 Summon Ice Beast         Ice/Summ       ####....     7%          4
 Magic Dart               Conj           #...         16%         1
 Searing Ray              Conj           #.....       24%         2
 Dazzling Flash           Conj/Hex       #.....       43%         3
 Fulminant Prism          Conj/Hex       #.........   83%         4
 Iskenderun's Mystic Bla  Conj/Tloc      #.......     83%         4


Dungeon Overview and Level Annotations

Branches:
Dungeon (11/15)            Temple (0/1) D:4
   Lair: D:8-11         Orc: D:9-12

Altars:
Ashenzari
Cheibriados
Elyvilon
Fedhas
Gozag
Kikubaaqudgha
Nemelex Xobeh
Ru
Trog
Uskayaw
Wu Jian

Shops:
D:4 :   D:6 *


Innate Abilities, Weirdness & Mutations

You are resistant to torment.
Your stone body is resilient. (AC +8)
You are immune to poison.
You resist negative energy. (rN+)
You are resistant to electric shocks. (rElec)
You can survive without breathing.
You are immune to petrification.
You are immune to rotting.


Message History

The boulder beetle hits you.
The boulder beetle stops rolling and uncurls.
Casting: Frozen Ramparts (safe; 1% risk of failure)
Confirm with . or Enter, or press ? or * to list all spells.
There are no walls around you to affect.
The boulder beetle curls into a ball and begins rolling!
The boulder beetle barely misses you.
The boulder beetle stops rolling and uncurls.
The boulder beetle curls into a ball and begins rolling!
The boulder beetle hits you!!
The boulder beetle stops rolling and uncurls.
You hear a horrible gurgling sound!
The boulder beetle curls into a ball and begins rolling!
The boulder beetle hits you!!
* * * LOW HITPOINT WARNING * * *
The boulder beetle stops rolling and uncurls.
As you read the scroll of teleportation, it crumbles to dust.
You feel strangely unstable. The boulder beetle bites you!
You die...
Your body glows with a rainbow of weird colours and disappears.

..............##.#
####
.#####........##.#
.# ##'#########.#
## #......# #.# #
#......### #.# #
#......+.# #.#
#####......#.# #.#
...........#.# #.#
...####..###.#
#@################
...# ##.# #.#
#.B...............
...#####.###.#
#.................
...#.........#
#.................
...#.###.#####
#...u.............
.###.# #..#
#.................
.# #.# ##.##
#...........(.....
.# #.# #..#
#.................
.# #.# ##.#
#.................


You could see a boulder beetle and a cyan ugly thing.

Vanquished Creatures
  A hydra (D:11)
  Erica (D:8)
  A two-headed ogre (D:9)
  An unseen horror (D:10)
  A cyclops (D:11)
  A manticore (D:11)
  A troll (D:10)
  Prince Ribbit (D:5)
  A shadow (D:10)
  A vampire (D:10)
  2 wyverns
  2 wraiths (D:10)
  10 yaks (D:10)
  Grum (D:10)
  Edmund (D:4)
  2 soldier ants
  Duvessa (D:6)
  6 orc warriors
  3 sky beasts
  An eye of draining (D:10)
  A hornet zombie (D:11)
  2 ice beasts
  2 black bears (D:8)
  6 ogres
  2 phantoms
  A centaur (D:11)
  4 wolves
  3 big kobolds
  3 bullfrogs
  Dowan (D:6)
  4 scorpions
  A water moccasin skeleton (D:10)
  4 killer bees
  17 wights
  6 howler monkeys
  5 bullfrog zombies
  A quasit (D:10)
  4 centaur skeletons
  2 jellies
  8 orc priests
  4 hounds
  13 orc wizards
  3 bullfrog skeletons
  Ijyb (D:3)
  5 iguanas
  Natasha (thrice) (D:2)
  6 worker ants
  2 hound zombies
  A hound skeleton (D:10)
  A worker ant zombie (D:5)
  A howler monkey skeleton (D:10)
  4 adders
  2 shadow imps
  4 white imps
  3 ufetubi
  2 oozes
  An adder zombie (D:6)
  4 worms
  An adder skeleton (D:7)
  10 leopard geckos
  36 orcs
  4 giant cockroaches
  7 hobgoblins
  6 jackals
  16 kobolds
  7 quokkas
  A ball python (D:1)
  9 bats
  4 frilled lizards
  A goblin (D:2)
  A leopard gecko skeleton (D:4)
  3 quokka skeletons
  5 rats
287 creatures vanquished.

Vanquished Creatures (collateral kills)
  A hornet (D:10)
  A meliai zombie (D:10)
2 creatures vanquished.

Vanquished Creatures (others)
  5 plants (D:8)
5 creatures vanquished.

Grand Total: 294 creatures vanquished

Notes
Turn   | Place    | Note
-------+----------+-------------------------------------------
     0 | D:1      | Drevant2 the Gargoyle Ice Elementalist began the quest for
                  | the Orb.
     0 | D:1      | Reached XP level 1. HP: 10/10 MP: 3/3
    93 | D:1      | Reached XP level 2. HP: 7/15 MP: 0/5
  1225 | D:2      | Reached XP level 3. HP: 19/19 MP: 3/6
  1230 | D:2      | Learned a level 3 spell: Frozen Ramparts
  1418 | D:2      | Reached skill level 5 in Ice Magic
  1633 | D:2      | Reached XP level 4. HP: 24/24 MP: 7/7
  1647 | D:2      | Found a sparkling altar of Nemelex Xobeh.
  1670 | D:2      | Became a worshipper of Nemelex Xobeh the Trickster
  2033 | D:2      | You fall into a shaft and drop 2 floors!
  2057 | D:3      | Noticed Ijyb
  2068 | D:3      | Paralysed by Ijyb for 3 turns
  2080 | D:3      | Killed Ijyb
  2203 | D:2      | Noticed Natasha
  2210 | D:2      | Killed Natasha
  2210 | D:2      | Reached XP level 5. HP: 28/28 MP: 3/8
  2263 | D:2      | Found a hide-covered altar of Uskayaw.
  2310 | D:2      | Noticed Natasha
  2321 | D:2      | Killed Natasha
  2353 | D:2      | Noticed Natasha
  2364 | D:2      | Killed Natasha
  2736 | D:3      | Reached skill level 6 in Ice Magic
  3503 | D:4      | Noticed a sky beast
  3557 | D:4      | Reached * piety under Nemelex Xobeh
  3634 | D:4      | Found a sparkling altar of Nemelex Xobeh.
  3695 | D:4      | Reached XP level 6. HP: 32/32 MP: 6/9
  3823 | D:4      | Noticed Edmund
  3859 | D:4      | Found Qyfrelap's Book Shoppe.
  3910 | D:4      | Killed Edmund
  3910 | D:4      | Reached skill level 5 in Stealth
  4087 | D:4      | Found a staircase to the Ecumenical Temple.
  4099 | D:4      | Killed a sky beast
  4099 | D:4      | Reached skill level 1 in Maces & Flails
  4099 | D:4      | Reached skill level 7 in Ice Magic
  4099 | D:4      | Reached XP level 7. HP: 24/36 MP: 6/10
  4514 | D:5      | Entered Level 5 of the Dungeon
  4518 | D:5      | Noticed Prince Ribbit
  4604 | D:5      | Killed Prince Ribbit
  4981 | D:5      | Received a gift from Nemelex Xobeh
  5017 | D:5      | Reached skill level 8 in Ice Magic
  5080 | D:5      | Found an ancient bone altar of Kikubaaqudgha.
  5080 | D:5      | Found an ancient bone altar of Kikubaaqudgha.
  5424 | D:6      | Reached XP level 8. HP: 40/41 MP: 11/11
  5669 | D:6      | Found an opulent altar of Gozag.
  5670 | D:6      | Found Gozag's Platinum Reserve.
  5671 | D:6      | Noticed Duvessa
  5671 | D:6      | Noticed Dowan
  5680 | D:6      | Killed Duvessa
  5681 | D:6      | Killed Dowan
  6127 | D:6      | Reached skill level 9 in Ice Magic
  6276 | D:6      | Found a blossoming altar of Fedhas.
  6367 | D:7      | Reached ** piety under Nemelex Xobeh
  6723 | D:7      | Found the +3 salamander hide armour {Flames rF++ rC--}
  6774 | D:7      | Received a gift from Nemelex Xobeh
  6787 | D:7      | Found a sacrificial altar of Ru.
  6787 | D:7      | Found a broken altar of Ashenzari.
  6787 | D:7      | Found a snail-covered altar of Cheibriados.
  6798 | D:7      | Found an ornate altar of the Wu Jian Council.
  7603 | D:8      | Reached XP level 9. HP: 42/45 MP: 10/12
  7650 | D:8      | Reached skill level 10 in Ice Magic
  7664 | D:8      | Received a gift from Nemelex Xobeh
  7721 | D:8      | Reached skill level 5 in Maces & Flails
  7760 | D:8      | Found a bloodstained altar of Trog.
  7926 | D:8      | Noticed Erica
  7928 | D:8      | Reached skill level 11 in Ice Magic
  7996 | D:8      | Killed Erica
  8023 | D:8      | Reached XP level 10. HP: 17/50 MP: 4/13
  8852 | D:9      | Reached skill level 12 in Ice Magic
  9052 | D:9      | Received a gift from Nemelex Xobeh
  9054 | D:9      | Noticed a death yak
  9237 | D:9      | Noticed a two-headed ogre
  9256 | D:9      | Killed a two-headed ogre
  9301 | D:9      | Noticed a death yak
  9301 | D:9      | Noticed a death yak
  9301 | D:9      | Noticed a death yak
  9407 | D:9      | Reached *** piety under Nemelex Xobeh
  9722 | D:10     | Entered Level 10 of the Dungeon
  9830 | D:10     | Noticed Grum
  9891 | D:10     | Found a white marble altar of Elyvilon.
  9895 | D:10     | Received a gift from Nemelex Xobeh
  9896 | D:10     | Noticed Nergalle
  9898 | D:10     | Noticed Nergalle
  9898 | D:10     | Nergalle changed into Nergalle the torpor snail
  9900 | D:10     | Noticed Nergalle
  9900 | D:10     | Nergalle the torpor snail changed into Nergalle the hornet
  9904 | D:10     | Killed Nergalle the hornet
 10075 | D:10     | Reached skill level 13 in Ice Magic
 10186 | D:10     | Killed Grum
 10559 | D:10     | Reached XP level 11. HP: 54/54 MP: 14/14
 11173 | D:10     | Killed an unseen horror
 11185 | D:10     | Reached skill level 14 in Ice Magic
 11696 | D:10     | Received a gift from Nemelex Xobeh
 11839 | D:11     | Noticed a cyan ugly thing
 11891 | D:11     | Noticed a boulder beetle
 11891 | D:11     | Noticed a seven-headed hydra
 11901 | D:11     | Noticed a cyclops
 12116 | D:11     | Learned a level 3 spell: Ozocubu's Armour
 12202 | D:11     | Killed a seven-headed hydra
 12667 | D:11     | Killed a cyclops
 12667 | D:11     | Reached skill level 10 in Maces & Flails
 12669 | D:11     | Reached skill level 15 in Ice Magic
 13352 | D:11     | Noticed a manticore
 13358 | D:11     | Killed a manticore
 13372 | D:11     | Reached XP level 12. HP: 46/59 MP: 10/15
 13644 | D:11     | Slain by a boulder beetle

Illustrated notes

Levels and vault maps discovered:
D:1:      eino_arrival_druids_welcome, layout_basic, serial_rivers,
          chequers_serial_rivers_large_a, chequers_serial_rivers_small_b,
          chequers_serial_rivers_micro_c, chequers_serial_rivers_micro_b
D:2:      layout_basic, lemuel_crystal_altar, nemelex_dance_club_becter,
          uniq_natasha
D:3:      layout_basic, chequers_serial_rivers_small_b, feat_on_display,
          uniq_ijyb
D:4:      layout_basic, nicolae_overflow_crystal_walls,
          minmay_temple_entry_glassed_door, serial_shops, shop_fountains,
          uniq_edmund
D:5:      layout_basic, kiku_gazebo_pond_becter, basic_altar,
          uniq_prince_ribbit1
D:6:      layout_basic, nicolae_gozag_zags_fifth_avenue, lemuel_round_altar,
          uniq_duvessa
D:7:      layout_rooms, nicolae_overflow_quartered_altars, grunt_tough_drop
D:8:      layout_loops_ring, trog_ov_bears_minmay, serial_bayou_pond_a,
          kennysheep_opposing_triangles, uniq_erica
D:9:      layout_long_grid, dpeg_lair_monsters
D:10:     minmay_quarter_circles, layout_rooms, basic_altar, uniq_nergalle,
          uniq_grum
D:11:     cheibrodos_lost_city_excavation, layout_basic

Skill      XL: |  1  2  3  4  5  6  7  8  9 10 11 |
---------------+----------------------------------+-----
Stealth        | 3 4 5 |  5.1
Ice Magic      | 5 6 7 8 9 11 13 15 | 15.2
Maces & Flails | 1 2 4 6 8 10 | 10.2
Dodging        | |  1.5
Spellcasting   | |  2.0

Action                   |  1- 3 |  4- 6 |  7- 9 | 10-12 || total
-------------------------+-------+-------+-------+-------++-------
Melee: Unarmed           |    27 |       |       |       ||    27
       Short sword       |    16 |    57 |       |       ||    73
       Dire flail        |       |    13 |   241 |   449 ||   703
 Cast: Freeze            |    35 |    43 |       |     4 ||    82
       Frozen Ramparts   |       |     5 |    14 |    30 ||    49
       Ozocubu's Armour  |       |       |       |     1 ||     1
Invok: Draw Destruction  |       |       |     2 |     3 ||     5
       Draw Summoning    |       |       |       |     2 ||     2
  Use: Scroll            |       |       |     9 |     7 ||    16
       Potion            |       |       |     4 |     3 ||     7
 Stab: Sleeping          |     3 |     4 |    10 |     9 ||    26
       Distracted        |       |       |       |     1 ||     1
Armor: Robe              |    27 |    30 |   105 |   214 ||   376
       Skin              |       |     1 |       |       ||     1
Dodge: Dodged            |    56 |    54 |   158 |   267 ||   535

Table legend: (Time is in decaauts)
 A = Elapsed time spent in this place.
 B = Non-inter-level travel time spent in this place.
 C = Inter-level travel time spent in this place.
 D = Time resting spent in this place.
 E = Time spent auto-exploring this place.
 F = Levels seen in this place.
 G = Mean time per level.
                   A        B        C        D        E       F      G
               +--------+--------+--------+--------+--------+-----+--------+
         Total |  13646 |  12689 |    957 |   4014 |   5912 |  11 | 1240.5 |
       Dungeon |  13646 |  12689 |    957 |   4014 |   5912 |  11 | 1240.5 |
               +--------+--------+--------+--------+--------+-----+--------+

Top non-repeatable levels by time:
    D:10: 2724 daAuts
     D:2: 1421 daAuts
     D:8: 1288 daAuts
     D:7: 1215 daAuts
     D:1: 1140 daAuts
     D:4: 1118 daAuts
    D:11: 1096 daAuts
     D:6: 969 daAuts
     D:9: 908 daAuts
     D:5: 899 daAuts
     D:3: 864 daAuts
